 Dungeon Crawl Stone Soup version 0.30-a0-639-g3916f1956a (webtiles) character file.

Game seed: 6831021657641566275

71 Newt the Sneak (level 4, -5/33 HPs)
             Began as a Demonspawn Gladiator on Jan 16, 2023.
             Killed from afar by Natasha (9 damage)
             ... with a magic dart
             ... on level 2 of the Dungeon.
             The game lasted 00:02:02 (1575 turns).

Newt the Sneak (Demonspawn Gladiator)               Turns: 1575, Time: 00:02:02

Health: -5/33      AC:  3    Str: 22    XL:     4   Next: 5%
Magic:  4/4        EV: 10    Int:  9    God:
Gold:   32         SH:  7    Dex: 15    Spells: 3/3 levels left

rFire   . . .      SeeInvis .    l - +2 long sword (vamp)
rCold   . . .      Faith    .    q - +0 kite shield
rNeg    . . .      Spirit   .    b - +0 leather armour
rPois   +          Reflect  .    (helmet restricted)
rElec   .          Harm     .    (no cloak)
rCorr   .          Rampage  .    (no gloves)
Will    .....                    (no boots)
Stlth   ++                       (no amulet)
HPRegen 0.25/turn                h - ring of poison resistance
MPRegen 0.09/turn                k - +6 ring of strength

@: hasted, very quick
A: horns 1, powered by pain 1
a: no special abilities


You were on level 2 of the Dungeon.
You visited 1 branch of the dungeon, and saw 2 of its levels.

You collected 80 gold pieces.
You spent 48 gold pieces at shops.

Inventory:

Hand Weapons
 a - a +0 rapier
 d - a +1 dagger of protection
 l - a +2 vampiric long sword (weapon)
Missiles
 e - a javelin (quivered)
 g - 2 throwing nets
Armour
 b - a +0 leather armour (worn)
 c - a +0 helmet
 q - a +0 kite shield (worn)
Jewellery
 h - a ring of poison resistance (left hand)
 k - a +6 ring of strength (right hand)
 n - a ring of wizardry
Scrolls
 i - a scroll of blinking
 m - 2 scrolls of identify
 o - a scroll of noise
 p - a scroll of summoning {unknown}
Potions
 j - a potion of berserk rage
 r - a potion of heal wounds {unknown}


   Skills:
 - Level 2.0 Fighting
 - Level 2.6(3.0) Short Blades
 + Level 1.7(2.5) Long Blades
 - Level 1.7 Throwing
 - Level 2.6 Dodging
 - Level 3.0 Stealth


You had 3 spell levels left.
You didn't know any spells.
Your spell library contained the following spells:

 Spells                   Type           Power      Damage    Failure   Level
 Magic Dart               Conj           0%         1d3       86%         1
 Slow                     Hex            0%         N/A       86%         1
 Searing Ray              Conj           0%         2d4       95%         2
 Confusing Touch          Hex            0%         N/A       99%         3
 Gell's Gravitas          Tloc           0%         N/A       99%         3
 Teleport Other           Tloc           0%         N/A       99%         3
 Vampiric Draining        Necr           0%         2d6       99%         3
 Fulminant Prism          Conj/Hex       0%         3d5       100%        4
 Dispersal                Tloc           0%         N/A       100%        6


Dungeon Overview and Level Annotations

Branches:
Dungeon (2/15)

Altars:

Shops:
D:2 :?(

Annotations:
D:2 Natasha


Innate Abilities, Weirdness & Mutations

You have a pair of small horns on your head.
You sometimes gain a little power by taking damage.


Message History

Natasha mumbles some strange words.
The hound bites you but does no damage.
You hit Natasha.
You feel better.
Natasha is lightly wounded.
The hound barely misses you. Natasha claws you. The white imp hits you.
The white imp freezes you. The hound bites you but does no damage.
Natasha claws you.
You hit Natasha.
You feel better.
Your headbutt misses Natasha.
Natasha is heavily wounded.
The hound bites you.
The white imp hits you but does no damage.
The hound barely misses you. Natasha claws you.
The white imp closely misses you.
You hit Natasha.
Natasha is severely wounded.
You block the hound's attack. You block Natasha's attack. The hound misses you.
The white imp hits you but does no damage.
Natasha mumbles some strange words.
You hit Natasha. Your headbutt misses Natasha.
Natasha is severely wounded.
The hound pauses to sniff the ground.
The hound closely misses you. The hound barely misses you.
The white imp hits you. The white imp freezes you. Natasha claws you!
You are too injured to fight recklessly!
You are too injured to fight recklessly!
There are monsters nearby!
Unknown command.
You hit Natasha but do no damage.
Natasha is severely wounded.
The hound bites you but does no damage. The white imp hits you.
* * * LOW HITPOINT WARNING * * *
The white imp freezes you.
* * * LOW HITPOINT WARNING * * *
The hound bites you but does no damage. Natasha closely misses you.
The shadow imp barely misses you. The white imp closely misses you.
The hound barely misses you.
You feel yourself speed up. The shadow imp closely misses you.
Natasha stares at you and mumbles some strange words.
The magic dart hits you!
You die...

#........##..#
#..[.....###.# .....#.
#............# ......
.........##### .....
.........# ###.#.#
.........# #.....#
.........# #....(#
.รท..##.### #.hh..#
....##.#### #.5@..#
..........######5#......
.##..............# ###..
###.......########
#########


You could see a hound, Natasha, a white imp (summoned) and a shadow imp
(summoned).

Vanquished Creatures
  Natasha (D:2)
  A dart slug (D:2)
  6 endoplasms
  3 giant cockroaches
  6 goblins
  5 hobgoblins
  4 jackals (D:1)
  2 kobolds
  A quokka (D:1)
  2 ball pythons
  4 bats
  A frilled lizard (D:2)
  A rat (D:1)
37 creatures vanquished.

Notes
Turn   | Place    | Note
-------+----------+-------------------------------------------
     0 | D:1      | Newt the Demonspawn Gladiator began the quest for the Orb.
     0 | D:1      | Reached XP level 1. HP: 16/16 MP: 1/1
   147 | D:1      | Reached skill level 1 in Stealth
   316 | D:1      | Gained mutation: You sometimes gain a little power by
                  | taking damage. [demonic ancestry]
   316 | D:1      | Reached XP level 2. HP: 16/22 MP: 2/2
   363 | D:1      | Reached skill level 2 in Stealth
   914 | D:1      | Reached XP level 3. HP: 19/27 MP: 3/3
  1105 | D:2      | Noticed Natasha
  1105 | D:2      | Found Hoclykh's Magic Scroll Emporium.
  1112 | D:2      | Found Celej's Weapon Boutique.
  1118 | D:2      | Killed Natasha
  1119 | D:2      | Reached skill level 3 in Stealth
  1119 | D:2      | Reached skill level 1 in Long Blades
  1304 | D:2      | Bought a scroll of identify for 24 gold pieces
  1304 | D:2      | Bought a scroll of identify for 24 gold pieces
  1455 | D:2      | Found Fiestesi's Book Boutique.
  1461 | D:2      | Gained mutation: You have a pair of small horns on your
                  | head. [demonic ancestry]
  1461 | D:2      | Reached XP level 4. HP: 33/33 MP: 4/4
  1565 | D:2      | Noticed Natasha
  1575 | D:2      | Killed from afar by Natasha

Illustrated notes

Levels and vault maps discovered:
D:1:      minmay_arrival_four_loops, layout_basic
D:2:      layout_basic, serial_shops, shop_scrolls, shop_fountains, shop,
          uniq_natasha, uniq_crazy_yiuf_cottage

Skill      XL: |  1  2  3 |
---------------+----------+-----
Stealth        | 1 2 3 |  3.0
Long Blades    | 1 |  1.7
Fighting       | |  2.0
Short Blades   | |  2.6
Throwing       | |  1.7
Dodging        | |  2.6

Action                   |  1- 3 |  4- 6 || total
-------------------------+-------+-------++-------
Melee: Dagger            |   105 |       ||   105
       Rapier            |    10 |       ||    10
       Punch             |     1 |       ||     1
       Long sword        |    37 |    10 ||    47
Throw: Throwing net      |     3 |       ||     3
  Use: Scroll            |     5 |       ||     5
       Potion            |       |     1 ||     1
 Stab: Sleeping          |     3 |       ||     3
       Held in net/web   |     1 |       ||     1
Armor: Leather armour    |    70 |     9 ||    79
Dodge: Dodged            |   155 |    13 ||   168
Block: Kite shield       |       |     3 ||     3

Table legend: (Time is in decaauts)
 A = Elapsed time spent in this place.
 B = Non-inter-level travel time spent in this place.
 C = Inter-level travel time spent in this place.
 D = Time resting spent in this place.
 E = Time spent auto-exploring this place.
 F = Levels seen in this place.
 G = Mean time per level.
                   A        B        C        D        E       F      G
               +--------+--------+--------+--------+--------+-----+--------+
         Total |   1585 |   1500 |     85 |    172 |    979 |   2 |  792.5 |
       Dungeon |   1585 |   1500 |     85 |    172 |    979 |   2 |  792.5 |
               +--------+--------+--------+--------+--------+-----+--------+

Top non-repeatable levels by time:
     D:1: 998 daAuts
     D:2: 586 daAuts
